 Dungeon Sprint DCSS version 0.21.1-1-g345015f (webtiles) character file.

4700000 vatarom the Conqueror (level 27, -42/249 HPs)
             Began as a Formicid Monk on Apr 28, 2018.
             Was the Champion of Makhleb.
             Annihilated by The Servant
             ... wielding a +9 glaive of flaming
              (57 damage)
             ... in the Dungeon (Sprint VIII: "Arena of Blood").
             The game lasted 00:01:04 (47 turns).

vatarom the Conqueror (Formicid Monk)                 Turns: 47, Time: 00:01:05

Health: -42/249    AC:  4    Str: 24    XL:     27
Magic:  24/54      EV: 34    Int: 10    God:    Makhleb [******]
Gold:   0          SH:  0    Dex: 18    Spells: 80/80 levels left

rFire    . . .     SeeInvis +   j - +∞ Axe of Woe
rCold    . . .     Gourm    .   (no shield)
rNeg     . . .     Faith    .   b - +0 robe
rPois    .         Spirit   .   (helmet unavailable)
rElec    .         Reflect  .   (no cloak)
rCorr    .         Harm     .   (no gloves)
MR       ++...                  (no boots)
Stlth    +++++++++.             (no amulet)
HPRegen  0.51/turn              (no ring)
MPRegen  0.34/turn              (no ring)

@: no status effects
A: permanent stasis, dig shafts and tunnels, four strong arms, antennae 3
a: Dig, Minor Destruction, Lesser Servant of Makhleb, Major Destruction, Greater
Servant of Makhleb, Renounce Religion


You were in the Dungeon.
You worshipped Makhleb.
Makhleb was exalted by your worship.
You were not hungry.

You visited 1 branch

Inventory:

Hand Weapons
 a - a +0 hand axe
 j - the +∞ Axe of Woe (weapon)
   (You found it in the Dungeon)
Armour
 b - a +0 robe (worn)
Scrolls
 i - a scroll of blinking
Potions
 d - a potion of curing
 f - a potion of haste
 g - 2 potions of magic
 h - a potion of berserk rage
Comestibles
 c - a ration


   Skills:
 O Level 27 Fighting
 O Level 27 Axes
 O Level 27 Throwing
 O Level 27 Armour
 O Level 27 Dodging
 O Level 27 Stealth
 O Level 27 Unarmed Combat
 O Level 27 Spellcasting
 O Level 27 Invocations


You had 80 spell levels left.
You didn't know any spells.

Dungeon Overview and Level Annotations

Branches:
Dungeon (1/1)

Altars:
Makhleb

Annotations:
D The Servant


Innate Abilities, Weirdness & Mutations

You cannot be hasted, slowed, berserked, paralysed or teleported.
You can dig through walls and to a lower floor.
Your four strong arms can wield two-handed weapons with a shield.
You have a pair of large antennae on your head. (SInv)


Message History

You hear a shout!
The destroyer is engulfed in blazing flames.
The destroyer blinks!
You hear a shout! x4
A crawling corpse merges with a small abomination to form a large abomination.
The bag of meat is engulfed in blazing flames.
You slash the large abomination!
You slaughter the large abomination joyfully.
You destroy the large abomination!
Makhleb accepts your kill.
You carve the bag of meat like a ham!!!
You hew the bag of meat savagely.
You kill the bag of meat!
Makhleb accepts your kill.
You feel better.
You hear a shout! x2
The Servant hits you from afar with a +9 glaive of flaming!!!!
Ouch! That really hurt!
* * * LOW HITPOINT WARNING * * *
The Servant burns you!!!
You die...

....#..)))#...§..#.
......_)).........
......###)..).....#
.###.o..)))###.....
.. #....)x)# ......
...#..§§o§V#.... .
...V.§§§§§......
......§§§§x.oz.#
.....§@§@)V...#..
............##...
..#.....z.x#.....
...........#...##
.##%#....... ...
.%..........
....#.....###
..........


You could see The Servant, 3 destroyers, 2 sculptors of flesh, 2 small
abominations, 3 bags of meat and a crawling corpse.

Vanquished Creatures
  8 vampire knights (D)
  11 ogres (D)
  3 two-headed ogres (D)
  26 orcs (D)
  A large abomination (D)
  A crawling corpse (D)
50 creatures vanquished.

Vanquished Creatures (others)
  A crawling corpse (D)
1 creature vanquished.

Grand Total: 51 creatures vanquished

Notes
Turn   | Place    | Note
-------+----------+-------------------------------------------
     0 | D        | Found the +∞ Axe of Woe
     0 | D        | vatarom the Formicid Monk began the quest for the Orb.
     0 | D        | Reached XP level 1. HP: 18/18 MP: 1/1
     3 | D        | Became a worshipper of Makhleb the Destroyer
     3 | D        | Reached * piety under Makhleb
     3 | D        | Reached ** piety under Makhleb
     4 | D        | Noticed a bag of meat
     4 | D        | Noticed a bag of meat
     6 | D        | Noticed a bag of meat
     7 | D        | Noticed a bag of meat
     7 | D        | Noticed a bag of meat
     7 | D        | Noticed a bag of meat
     8 | D        | Killed a bag of meat
     8 | D        | Reached XP level 2. HP: 47/47 MP: 2/2
     8 | D        | Reached XP level 3. HP: 53/53 MP: 3/3
     8 | D        | Reached XP level 4. HP: 61/61 MP: 4/4
     8 | D        | Reached XP level 5. HP: 67/67 MP: 5/5
     8 | D        | Reached XP level 6. HP: 74/74 MP: 6/6
     8 | D        | Reached XP level 7. HP: 80/80 MP: 7/7
     8 | D        | Reached XP level 8. HP: 88/88 MP: 8/8
     8 | D        | Reached XP level 9. HP: 94/94 MP: 9/9
     8 | D        | Reached XP level 10. HP: 101/101 MP: 10/10
     8 | D        | Reached XP level 11. HP: 107/107 MP: 11/11
     8 | D        | Reached XP level 12. HP: 115/115 MP: 12/12
     9 | D        | Noticed a bag of meat
    10 | D        | Noticed a meat berserker
    10 | D        | Killed a bag of meat
    10 | D        | Reached XP level 13. HP: 127/127 MP: 13/13
    11 | D        | Noticed a bag of meat
    11 | D        | Noticed a bag of meat
    12 | D        | Killed a bag of meat
    12 | D        | Reached skill level 10 in Stealth
    12 | D        | Reached XP level 14. HP: 125/138 MP: 14/14
    13 | D        | Killed a bag of meat
    13 | D        | Reached *** piety under Makhleb
    13 | D        | Reached XP level 15. HP: 148/148 MP: 15/15
    15 | D        | Killed a meat berserker
    15 | D        | Reached XP level 16. HP: 162/162 MP: 16/16
    16 | D        | Noticed a meat berserker
    17 | D        | Noticed a meat berserker
    17 | D        | Reached **** piety under Makhleb
    17 | D        | Reached skill level 27 in Fighting
    17 | D        | Reached skill level 27 in Axes
    17 | D        | Reached XP level 17. HP: 174/174 MP: 17/17
    18 | D        | Noticed a meat berserker
    18 | D        | Killed a meat berserker
    18 | D        | Reached skill level 27 in Dodging
    18 | D        | Reached XP level 18. HP: 182/182 MP: 18/18
    19 | D        | Reached ***** piety under Makhleb
    19 | D        | Reached skill level 27 in Stealth
    20 | D        | Killed a meat berserker
    20 | D        | Reached skill level 10 in Throwing
    20 | D        | Reached skill level 10 in Unarmed Combat
    20 | D        | Reached skill level 10 in Spellcasting
    20 | D        | Reached XP level 19. HP: 189/189 MP: 18/33
    22 | D        | Noticed a destroyer
    23 | D        | Noticed a meat berserker
    23 | D        | Noticed a meat berserker
    23 | D        | Killed a meat berserker
    23 | D        | Reached XP level 20. HP: 197/197 MP: 18/38
    25 | D        | Reached skill level 15 in Throwing
    25 | D        | Reached skill level 15 in Unarmed Combat
    25 | D        | Reached skill level 15 in Spellcasting
    26 | D        | Noticed a meat berserker
    26 | D        | Noticed a meat berserker
    27 | D        | Noticed a meat berserker
    27 | D        | Killed a meat berserker
    28 | D        | Reached XP level 21. HP: 204/204 MP: 19/43
    29 | D        | Noticed a destroyer
    29 | D        | Noticed a destroyer
    29 | D        | Noticed a destroyer
    30 | D        | Noticed a destroyer
    30 | D        | Killed a meat berserker
    31 | D        | Noticed a large bag of meat
    31 | D        | Noticed a meat berserker
    31 | D        | Killed a destroyer
    31 | D        | Reached ****** piety under Makhleb
    31 | D        | Reached XP level 22. HP: 212/212 MP: 20/48
    32 | D        | Killed a meat berserker
    32 | D        | Reached skill level 27 in Invocations
    33 | D        | Noticed a destroyer
    33 | D        | Noticed a large bag of meat
    34 | D        | Reached skill level 27 in Armour
    34 | D        | Reached XP level 23. HP: 219/219 MP: 21/52
    35 | D        | Noticed a large bag of meat
    35 | D        | Reached skill level 27 in Throwing
    35 | D        | Reached skill level 27 in Unarmed Combat
    35 | D        | Reached skill level 27 in Spellcasting
    37 | D        | Noticed a destroyer
    38 | D        | Noticed The Servant
    38 | D        | Killed a large bag of meat
    38 | D        | Reached XP level 24. HP: 176/227 MP: 22/54
    38 | D        | Killed a destroyer
    38 | D        | Killed a destroyer
    38 | D        | Reached XP level 25. HP: 234/234 MP: 22/54
    38 | D        | Killed a large bag of meat
    39 | D        | Noticed a destroyer
    39 | D        | Noticed a destroyer
    40 | D        | Killed a large bag of meat
    40 | D        | Reached XP level 26. HP: 242/242 MP: 22/54
    40 | D        | Killed a destroyer
    41 | D        | Reached XP level 27. HP: 249/249 MP: 22/54
    43 | D        | Killed a destroyer
    43 | D        | Killed a destroyer
    44 | D        | Noticed a destroyer
    44 | D        | HP: 3/249 [meat berserker/+9 battleaxe (21)]
    44 | D        | Noticed a destroyer
    45 | D        | Killed a destroyer
    45 | D        | Killed a destroyer
    47 | D        | Annihilated by The Servant

Skill      XL: |  1  2  3  4  5  6  7  8  9 10 11 12 13 14 15 16 17 18 19 20 21 22 23 |
---------------+----------------------------------------------------------------------+-----
Fighting       | 17 20 21 22 25 27 | 27.0
Axes           | 16 19 20 22 24 27 | 27.0
Dodging        | 14 16 18 19 20 23 27 | 27.0
Stealth        | 8 9 10 11 12 14 18 27 | 27.0
Throwing       | 10 14 18 22 25 27 | 27.0
Armour         | 11 16 20 23 27 | 27.0
Unarmed Combat | 10 14 18 22 25 27 | 27.0
Spellcasting   | 10 14 18 22 25 27 | 27.0
Invocations    | 12 17 21 25 27 | 27.0

Action                   |  1- 3 |  4- 6 |  7- 9 | 10-12 | 13-15 | 16-18 | 19-21 | 22-24 | 25-27 || total
-------------------------+-------+-------+-------+-------+-------+-------+-------+-------+-------++-------
Melee: Executioner's axe |     1 |       |       |     1 |     3 |     4 |     7 |     5 |     5 ||    26
  Use: Potion            |       |       |       |       |       |       |       |       |     1 ||     1
Dodge: Dodged            |     1 |       |       |       |     1 |       |     1 |     1 |       ||     4
